AoeStats
← SlowBoy

Arabia

506475966Analyzed
1v1 RM · 18d ago on Sep 13, 2026· 70m 48s· 2 players
Game mode
Random Map
Map size
Tiny (2 player)
Population
200
Speed
Normal
Resources
Standard
Victory
Conquest
Starting age
Dark Age
Ending age
Imperial Age
RankedLock teamsTeams togetherTeam positionsShared explorationLock speedFull tech treeHidden civsTurbo modeCheats
Victory
Defeat
🇧🇷 Khmer · Brazil
1694
+14
🇺🇸 Malay · United States
1642
-14
moogly
7:37 Loom
7:54 Loom
10:03 Feudal Age
9:58 Double-Bit Axe
11:02 Horse Collar
16:02 Wheelbarrow
21:04 Castle Age
19:33 Gold Mining
21:07 Bow Saw
25:19 Heavy Plow
25:06 Town Watch
26:19 Husbandry
26:00 Light Cavalry
27:17 Stone Mining
27:47 Forging
27:58 Devotion
32:58 Imperial Age
31:11 Hand Cart
32:13 Squires
34:13 Fletching
34:45 Ballistics
35:20 Iron Casting
35:30 Masonry
35:37 Forced Levy
35:35 Man-at-Arms
36:01 Arson
36:28 Siege Engineers
37:31 Conscription
37:41 Bodkin Arrow
38:32 Bracer
37:56 Long Swordsman
39:06 Treadmill Crane
40:44 Blast Furnace
39:06 Two-Handed Swordsman
41:45 Crop Rotation
42:58 Chemistry
42:08 Murder Holes
43:44 Sappers
45:27 Pikeman
46:10 Halberdier
55:10 Capped Ram
58:56 Scale Barding Armor
66:37 Stone Shaft Mining
66:38 Gold Shaft Mining
SlowBoy
6:24 Loom
9:20 Feudal Age
9:49 Double-Bit Axe
9:45 Horse Collar
15:30 Wheelbarrow
18:23 Castle Age
16:44 Gold Mining
18:52 Light Cavalry
20:00 Bow Saw
20:47 Husbandry
20:57 Scale Barding Armor
22:16 Town Watch
23:09 Heavy Plow
25:35 Scale Mail Armor
26:59 Hand Cart
27:17 Forging
27:20 Stone Mining
27:34 Pikeman
30:05 Chain Mail Armor
33:50 Imperial Age
31:57 Fletching
33:28 Bodkin Arrow
33:34 Padded Archer Armor
35:13 Conscription
35:06 Bracer
36:09 Leather Archer Armor
36:58 Chemistry
37:03 Crop Rotation
36:45 Bloodlines
36:10 Elite Ballista Elephant
38:03 Iron Casting
38:26 Ballistics
38:55 Ring Archer Armor
39:56 Blast Furnace
39:27 Chain Barding Armor
38:50 Hussar
41:07 Masonry
43:26 Crossbowman
43:39 Capped Ram
44:06 Arbalester
46:37 Elite Skirmisher
47:59 Capped Ram
55:02 Plate Barding Armor
56:37 Architecture
58:20 Siege Ram
63:24 Murder Holes
Connection lost

Rejoining the realm…

Still unreachable

The connection could not be restored.

Session expired

The server has moved on; the page needs a fresh start.